 Dungeon Crawl Stone Soup version 0.22-a0-443-g17c3723931 (webtiles) character file.

3271 Kriby the Blocker (level 10, -1/79 HPs)
             Began as a Formicid Fighter on May 31, 2018.
             Was a Believer of Okawaru.
             Slain by a two-headed ogre
             ... wielding a +0 giant club
              (27 damage)
             ... on level 8 of the Dungeon.
             The game lasted 00:12:17 (8051 turns).

Kriby the Blocker (Formicid Fighter)                Turns: 8051, Time: 00:12:17

Health: -1/79      AC: 10    Str: 24    XL:     10   Next: 19%
Magic:  10/10      EV: 10    Int:  6    God:    Okawaru [**....]
Gold:   326        SH: 12    Dex: 10    Spells: 9/9 levels left

rFire    . . .     SeeInvis +   a - +0 war axe
rCold    . . .     Gourm    .   n - +0 shield
rNeg     . . .     Faith    .   b - +0 scale mail
rPois    .         Spirit   .   (helmet unavailable)
rElec    .         Reflect  .   g - +1 cloak
rCorr    .         Harm     .   (no gloves)
MR       +....                  (no boots)
Stlth    ..........             (no amulet)
HPRegen  0.23/turn              j - -2 ring of intelligence (curse)
MPRegen  0.12/turn              (no ring)

@: very slightly contaminated, invisible
A: permanent stasis, dig shafts and tunnels, four strong arms, antennae 3
a: Dig, Shaft Self, Heroism, Renounce Religion


You were on level 8 of the Dungeon.
You worshipped Okawaru.
Okawaru was pleased with you.
You were not hungry.

You visited 2 branches of the dungeon, and saw 9 of its levels.
You also visited: Ossuary.

You collected 326 gold pieces.

Inventory:

Hand Weapons
 a - a +0 war axe (weapon)
 p - a +0 scimitar of freezing
 s - a +0 bardiche
Missiles
 k - 5 javelins (quivered)
Armour
 b - a +0 scale mail (worn)
 g - a +1 cloak (worn)
 n - a +0 shield (worn)
Jewellery
 j - a cursed -2 ring of intelligence (left hand)
Wands
 w - a wand of enslavement (18)
 x - a wand of flame (33)
Scrolls
 c - 2 scrolls of enchant armour
 l - 2 scrolls of fog
 m - 6 scrolls of remove curse {@r2}
 o - a scroll of magic mapping
 r - a scroll of identify {@r1}
Potions
 d - a potion of lignification
 e - a potion of flight
 h - 2 potions of curing {@q1}
 i - 2 potions of brilliance {unknown}
 q - a potion of resistance
 t - 2 potions of invisibility
 u - 2 potions of mutation {unknown}
Comestibles
 f - 18 rations {@e1}
 v - 2 chunks of flesh


   Skills:
 + Level 7.5 Fighting
 + Level 6.4 Axes
 + Level 7.4 Armour
 * Level 10.9 Shields


You had 9 spell levels left.
You didn't know any spells.
Your spell library contained the following spells:

 Spells                   Type           Power        Failure   Level  Hunger
 Fireball                 Conj/Fire      #.........   100%        5    ######.
 Conjure Flame            Conj/Fire      #.......     97%         3    ####...
 Confuse                  Hex            #.......     97%         3    ####...
 Throw Flame              Conj/Fire      #.....       86%         2    ###....
 Sticky Flame             Conj/Fire      #.......     100%        4    #####..
 Tukima's Dance           Hex            #.......     97%         3    ####...
 Flame Tongue             Conj/Fire      #....        73%         1    ##.....
 Ensorcelled Hibernation  Hex/Ice        #.....       86%         2    ###....
 Corona                   Hex            #......      73%         1    ##.....
 Inner Flame              Hex/Fire       #.......     97%         3    ####...
 Dazzling Spray           Conj/Hex       #.....       97%         3    ####...


Dungeon Overview and Level Annotations

Branches:
Dungeon (8/15)             Temple (1/1) D:5
   Lair: D:8-11

Altars:
Ashenzari
Cheibriados
Dithmenos
Elyvilon
Fedhas
Gozag
Hepliaklqana
Kikubaaqudgha
Makhleb
Nemelex Xobeh
Okawaru
Qazlal
Ru
Sif Muna
Trog
Uskayaw
Vehumet
Wu Jian
Xom
Yredelemnul
Zin
The Shining One

Annotations:
D:5 Dowan


Innate Abilities, Weirdness & Mutations

You cannot be hasted, slowed, berserked, paralysed or teleported.
You can dig through walls and to a lower floor.
Your four strong arms can wield two-handed weapons with a shield.
You have a pair of large antennae on your head. (SInv)


Message History

The two-headed ogre hits you with a giant club!
You slash the two-headed ogre!
The two-headed ogre is lightly wounded.
The two-headed ogre completely misses you.
You block the two-headed ogre's attack.
You slash the two-headed ogre!
The two-headed ogre is heavily wounded.
The two-headed ogre closely misses you. You block the two-headed ogre's attack.
You slash the two-headed ogre!
The two-headed ogre is heavily wounded.
You hit the two-headed ogre.
The two-headed ogre is severely wounded.
You block the two-headed ogre's attack. The two-headed ogre barely misses you.
You slash the two-headed ogre!
The two-headed ogre is almost dead.
You block the two-headed ogre's attack. The two-headed ogre closely misses you.
You barely miss the two-headed ogre.
The two-headed ogre is almost dead.
The two-headed ogre hits you with a giant club!!
You die...

.# #.# .
#.# ##.
#># #..
#.# #.#
##.# #.#
#..# #.#
#.## #O#
#.# #@#
#.# #.#
#.# #.#
#.# #.#
#.# #.###
#.# #...#
#####.#
#.#.#
#.....# #
#...#
#.#####
#.#####.##
#.#


You could see a two-headed ogre.

Vanquished Creatures
  The ghost of Kriby the Shield-Bearer, an amateur FoFi (D:4)
  Prince Ribbit (D:6)
  A hippogriff (D:7)
  Sigmund (D:5)
  A hungry ghost (D:7)
  Menkaure (D:5)
  Edmund (D:6)
  Duvessa (D:5)
  2 sky beasts
  A black bear (D:8)
  2 ogres (D:5)
  3 centaurs
  2 bullfrogs
  2 elf zombies (Ossuary)
  A gnoll sergeant (D:6)
  2 scorpions
  5 killer bees (D:7)
  A centaur zombie (Ossuary)
  2 hounds
  A jelly (D:8)
  An orc priest (D:7)
  A centaur skeleton (D:5)
  An iguana (D:7)
  7 orc wizards
  5 worker ants
  3 mummies
  2 adders
  7 gnolls
  A howler monkey skeleton (D:7)
  2 shadow imps (D:7)
  An adder skeleton (D:7)
  A worm (D:2)
  3 leopard geckos
  9 orcs
  7 bats
  A giant cockroach (D:1)
  5 goblins
  5 hobgoblins
  10 jackals
  7 kobolds
  A quokka (D:2)
  4 frilled lizards
  A goblin zombie (Ossuary)
  16 hobgoblin zombies
  A jackal skeleton (D:7)
  2 jackal zombies (Ossuary)
  10 kobold zombies
  A leopard gecko skeleton (D:6)
  6 orc zombies
  A quokka zombie (D:5)
  5 rats
  3 rat zombies (Ossuary)
162 creatures vanquished.

Vanquished Creatures (collateral kills)
  An orc wizard (D:7)
  A ball python (D:7)
2 creatures vanquished.

Vanquished Creatures (others)
  An orc (D:7)
1 creature vanquished.

Grand Total: 165 creatures vanquished

Notes
Turn   | Place    | Note
-------+----------+-------------------------------------------
     0 | D:1      | Kriby the Formicid Fighter began the quest for the Orb.
     0 | D:1      | Reached XP level 1. HP: 18/18 MP: 1/1
     1 | D:1      | Noticed an electric eel
   124 | D:1      | Reached XP level 2. HP: 24/24 MP: 2/2
   262 | D:1      | Reached skill level 4 in Shields
   481 | D:1      | Reached XP level 3. HP: 28/29 MP: 3/3
   701 | D:2      | Noticed a sky beast
   727 | D:2      | Killed a sky beast
   727 | D:2      | Reached skill level 5 in Shields
   727 | D:2      | Reached XP level 4. HP: 10/37 MP: 4/4
   727 | D:2      | Reached XP level 5. HP: 12/42 MP: 5/5
  2577 | D:4      | Noticed Kriby's ghost (amateur FoFi)
  2622 | D:4      | Killed Kriby's ghost
  2622 | D:4      | Reached skill level 6 in Shields
  2622 | D:4      | Reached XP level 6. HP: 17/49 MP: 6/6
  2622 | D:4      | Reached XP level 7. HP: 19/55 MP: 7/7
  3506 | D:5      | Entered Level 5 of the Dungeon
  3583 | D:5      | Noticed Duvessa
  3600 | D:5      | Killed Duvessa
  3600 | D:5      | Reached skill level 5 in Fighting
  3600 | D:5      | Reached skill level 5 in Armour
  3600 | D:5      | Reached skill level 7 in Shields
  3833 | D:5      | Reached XP level 8. HP: 62/62 MP: 8/8
  3880 | D:5      | Noticed Sigmund
  3897 | D:5      | Killed Sigmund
  4077 | D:5      | Noticed Dowan
  4120 | D:5      | Noticed Menkaure
  4129 | D:5      | Reached skill level 8 in Shields
  4130 | D:5      | Killed Menkaure
  4436 | D:5      | Found a staircase to the Ecumenical Temple.
  4445 | Temple   | Entered the Ecumenical Temple
  4557 | Temple   | Became a worshipper of Warmaster Okawaru
  5164 | D:6      | Reached XP level 9. HP: 45/69 MP: 9/9
  5327 | D:6      | Reached skill level 5 in Axes
  5407 | D:6      | Noticed Prince Ribbit
  5466 | D:6      | Killed Prince Ribbit
  5466 | D:6      | Reached skill level 9 in Shields
  5933 | D:6      | Noticed Edmund
  5950 | D:6      | Killed Edmund
  5950 | D:6      | Reached * piety under Okawaru
  6230 | D:7      | Found a snail-covered altar of Cheibriados.
  6579 | D:7      | Noticed a hippogriff
  6590 | D:7      | Killed a hippogriff
  6590 | D:7      | Reached skill level 10 in Shields
  7021 | D:7      | Reached ** piety under Okawaru
  7165 | D:7      | Reached XP level 10. HP: 79/79 MP: 10/10
  7541 | D:8      | Found a sand-covered staircase.
  7586 | Ossuary  | Entered an ossuary
  8039 | D:8      | Noticed a two-headed ogre
  8051 | D:8      | Slain by a two-headed ogre

Vault maps used:
D:1:      arrival_aquarium_a, hex_large, serial_bayou_lake_a
D:2:      first_ration
D:3:      minmay_fountain_box, dk_vineyard_2
D:4:      minmay_a_box_with_orc_wizards_in_it
D:5:      temple_green, minmay_mini_ossuary, uniq_menkaure, uniq_duvessa,
          uniq_sigmund
D:6:      minmay_misc_feat_doors, uniq_edmund, uniq_prince_ribbit1
D:7:      old_standard_altar
D:8:      nicolae_ossuary_entry_monument
Temple:   kilobyte_greek_temple
Ossuary:  ossuary_tomb_1

Skill      XL: |  1  2  3  4  5  6  7  8  9 |
---------------+----------------------------+-----
Shields        | 4 5 6 7 8 10 | 10.9
Fighting       | 4 5 6 7 |  7.5
Armour         | 4 5 7 |  7.4
Axes           | 3 4 6 |  6.4

Action                   |  1- 3 |  4- 6 |  7- 9 | 10-12 || total
-------------------------+-------+-------+-------+-------++-------
Melee: War axe           |    92 |    95 |   347 |   120 ||   654
       Bardiche          |       |       |     1 |       ||     1
Throw: Javelin           |       |       |    18 |       ||    18
Evoke: Wand              |       |       |     9 |     3 ||    12
  Use: Potion            |       |     1 |     4 |     1 ||     6
       Scroll            |       |       |     8 |     4 ||    12
  Eat: Chunk             |       |     6 |    14 |       ||    20
       Ration            |       |       |     1 |     1 ||     2
Armor: Scale mail        |    50 |    35 |   115 |    27 ||   227
Dodge: Dodged            |    31 |    30 |   131 |    39 ||   231
Block: Shield            |    57 |    61 |   245 |    64 ||   427

Table legend:
 A = Spawn XP
 B = Non-spawn XP
 C = Spawn XP percentage of total XP
 D = Spawn monster count
 E = Non-spawn monster count
 F = Spawn count percentage of total count
 G = Total turns spent on level
                    A         B        C        D         E        F      G
               +---------+---------+-------+---------+---------+-------+---------
         Total |       0 |    4673 |   0.0 |       0 |     164 |   0.0 |  8051
               +---------+---------+-------+---------+---------+-------+---------
           D:1 |       0 |      34 |   0.0 |       0 |      20 |   0.0 |   612
           D:2 |       0 |     153 |   0.0 |       0 |      14 |   0.0 |   957
           D:3 |       0 |      72 |   0.0 |       0 |      19 |   0.0 |  1295
           D:4 |       0 |     478 |   0.0 |       0 |       6 |   0.0 |   845
           D:5 |       0 |    1108 |   0.0 |       0 |      20 |   0.0 |  1266
           D:6 |       0 |     846 |   0.0 |       0 |      14 |   0.0 |  1094
           D:7 |       0 |    1420 |   0.0 |       0 |      29 |   0.0 |  1322
           D:8 |       0 |     255 |   0.0 |       0 |       3 |   0.0 |   217
       Ossuary |       0 |     307 |   0.0 |       0 |      39 |   0.0 |   300
               +---------+---------+-------+---------+---------+-------+---------
